 Dungeon Crawl Stone Soup version 0.21-a0-417-g0adc95b (webtiles) character file.

74 mhoghedin the Ducker (level 4, 0/19 HPs)
             Began as a Felid Transmuter on Nov 3, 2017.
             Succumbed to a worker ant's poison
             ... on level 3 of the Dungeon.
             The game lasted 00:09:28 (2620 turns).

mhoghedin the Ducker (Felid Transmuter)             Turns: 2620, Time: 00:09:29

Health: 0/19       AC:  1    Str:  6    XL:     4   Next: 10%
Magic:  7/8        EV: 19    Int: 14    God:
Gold:   84         SH:  0    Dex: 17    Spells: 2/8 levels left
                                        Lives:  0   Deaths: 1

rFire    . . .     SeeInvis +     - Unarmed
rCold    . . .     Gourm    .   (shield unavailable)
rNeg     . . .     Faith    .   (armour unavailable)
rPois    .         Spirit   .   (helmet unavailable)
rElec    .         Reflect  .   (cloak unavailable)
rCorr    .         Harm     .   (gloves unavailable)
MR       .....                  (boots unavailable)
Stlth    +++.......             (no amulet)
HPRegen  0.06/turn              (no ring)
MPRegen  0.11/turn              (no ring)

@: lethally poisoned (0 -> -10), appendage, quick
A: no armour, no weapons or thrown items, stealth, claws 1, fangs 3, horns 2,
see invisible, carnivore 3, speed 1, shaggy fur 1, slow metabolism 1, sharp paws
a: End Transformation


You were on level 3 of the Dungeon.
You were very full.
You had grown temporary horns.
You visited 1 branch of the dungeon, and saw 3 of its levels.

You collected 84 gold pieces.

Inventory:

Missiles
 a - 10 arrows
Scrolls
 d - a scroll of enchant weapon {unknown}
 f - 2 scrolls of recharging {unknown}
 g - a scroll of amnesia {unknown}
 h - a scroll of random uselessness
Potions
 e - 2 potions of invisibility
 j - a potion of lignification {!q}
Books
 b - a book of Changes
Comestibles
 c - a meat ration {@e2}


   Skills:
 + Level 2.0 Fighting
 + Level 3.7 Dodging
 + Level 2.4 Stealth
 + Level 3.5 Unarmed Combat
 + Level 2.5 Spellcasting
 + Level 3.0 Transmutations


You had 2 spell levels left.
You knew the following spells:

 Your Spells              Type           Power        Failure   Level  Hunger
a - Beastly Appendage     Tmut           ##....       7%          1    #......
c - Spider Form           Tmut/Pois      #.........   36%         3    ###....
s - Sticks to Snakes      Tmut           ##......     10%         2    ###....


Dungeon Overview and Level Annotations

Branches:
Dungeon (3/15)

Altars:


Innate Abilities, Weirdness & Mutations

You cannot wear armour.
You are incapable of wielding weapons or throwing items.
Your paws allow you to move quietly. (Stealth)
You have sharp claws.
You have razor-sharp teeth.
You have supernaturally acute eyesight. (SInv)
You are carnivorous and can eat meat at any time.
You cover ground quickly.
You are covered in fur. (AC +1)
You have a slow metabolism.
Your sharp claws are effective at attacking unaware monsters.
You have a pair of horns on your head.


Message History

You butcher the orc corpse.
f - 4 chunks of flesh {@w0} Eating one of 4 chunks of flesh {@w0}.
You eat one of the 4 chunks of flesh {@w0}.
This raw flesh tastes great.
Eating one of 3 chunks of flesh {@w0}.
You eat one of the 3 chunks of flesh {@w0}.
This raw flesh tastes great.
Eating one of 2 chunks of flesh {@w0}.
You eat one of the 2 chunks of flesh {@w0}.
This raw flesh tastes great.
Eating a chunk of flesh {@w0}.
You eat the chunk of flesh {@w0}.
This raw flesh tastes great.
There is an open door here.
You recover from your berserk rage.
Done exploring.
Done exploring.
Done exploring.
(D) Dungeon
Where to? (Enter - D:2, ? - help)
Items here: )) †† a club x2; the felid corpse of mhoghedin; an orc corpse You see here 2 tomahawks.
There is a stone staircase leading down here.
You climb downwards.
Found three items.
Found an escape hatch in the ceiling.
There is a stone staircase leading up here.
Okay, then.
Unknown command.
Unknown command.
f - 2 scrolls labeled ASUEJO DAUTOTH
There is an escape hatch in the ceiling here.
g - a scroll labeled FASIKA PITE An orc priest comes into view.
The orc priest shouts!
You start waiting.
You miscast Spider Form.
You are very lightly contaminated with residual magic.
The air around you crackles with energy!
You now have 4/7 mp.
You turn into a venomous arachnid creature.
You now have 1/7 mp.
Unknown command.
You hit the orc priest.
The orc priest is poisoned.
The orc priest miscasts a cantrip.
You hit the orc priest.
The orc priest looks encouraged for a moment.
You hit the orc priest.
Your transformation is almost over.
The orc priest misses you.
You hit the orc priest.
The orc priest looks as sick as possible!
The orc priest completely misses you.
You hit the orc priest.
You kill the orc priest!
Your Fighting skill increases to level 2!
Your Transmutations skill increases to level 3!
Welcome back to level 4!
Health restored: 19 You start resting.
Your transformation has ended.
Unknown command.
You start resting.
Your magical contamination has completely faded away.
You regained 2 mp, and now have 4/8 mp.
Unknown command.
You start resting.
A worker ant comes into view.
You regained 3 mp, and now have 7/8 mp.
You grow a pair of large bovine horns.
The worker ant twitches its antennae in your direction.
The worker ant bites you.
You take 2 damage, and have 17/19 hp.
You now have 6/8 mp.
You scratch the worker ant but do no damage.
Your bite misses the worker ant. The worker ant bites you!
You take 8 damage, and have 9/19 hp.
MASSIVE DAMAGE!!
You barely miss the worker ant. The worker ant closely misses you.
You claw the worker ant! The worker ant barely misses you.
You scratch the worker ant. The worker ant closely misses you.
You scratch the worker ant but do no damage.
Your headbutt misses the worker ant. The worker ant misses you.
You scratch the worker ant but do no damage.
You headbutt the worker ant. The worker ant closely misses you. x2
You closely miss the worker ant. The worker ant closely misses you.
You closely miss the worker ant. The worker ant completely misses you.
You closely miss the worker ant. You headbutt the worker ant.
The worker ant bites you!
* * * LOW HITPOINT WARNING * * *
You are lethally poisoned!
The worker ant poisons you!
You take 7 damage, and have 2/19 hp.
MASSIVE DAMAGE!!
You scratch the worker ant but do no damage.
You headbutt the worker ant, but do no damage.
* * * LOW HITPOINT WARNING * * *
You feel sick. The worker ant completely misses you.
You take 1 damage, and have 1/19 hp.
You closely miss the worker ant. Your claw misses the worker ant.
You die...

#..............#
#....<.........#
..#..............#
#.##............##
#..............##
#.#..#.###.#####
#....[..# #.#
..##....###.##
#....@....#
#.#.a##.#.#
##....#)# ###..#.#
##o#.. .....
....... ..........
...........


You could see a worker ant.

Vanquished Creatures
  An orc priest (D:3)
  3 gnolls (D:2)
  2 adders (D:2)
  An ooze (D:1)
  4 orcs (D:2)
  2 giant cockroaches (D:2)
  6 goblins
  4 hobgoblins (D:1)
  4 jackals (D:2)
  5 bats
  4 frilled lizards
  7 kobolds
  3 rats
46 creatures vanquished.

Vanquished Creatures (collateral kills)
  A kobold (D:2)
1 creature vanquished.

Grand Total: 47 creatures vanquished

Notes
Turn   | Place    | Note
-------+----------+-------------------------------------------
     0 | D:1      | mhoghedin the Felid Transmuter began the quest for the Orb.
     0 | D:1      | Reached XP level 1. HP: 9/9 MP: 4/4
   441 | D:1      | Reached XP level 2. HP: 11/12 MP: 6/6
   445 | D:1      | Learned a level 2 spell: Sticks to Snakes
   468 | D:1      | Reached skill level 1 in Stealth
   492 | D:1      | Reached skill level 3 in Dodging
  1292 | D:2      | Reached XP level 3. HP: 12/15 MP: 2/7
  1718 | D:2      | Learned a level 3 spell: Spider Form
  1778 | D:2      | Reached skill level 2 in Stealth
  1785 | D:2      | Reached XP level 4. HP: 13/19 MP: 5/8
  2317 | D:2      | HP: 3/19 [orc/tomahawk (6)]
  2318 | D:2      | Slain by an orc
  2319 | D:2      | Reached XP level 3. HP: -1/16 MP: 2/7
  2554 | D:3      | Reached skill level 2 in Fighting
  2554 | D:3      | Reached skill level 3 in Transmutations
  2554 | D:3      | Reached XP level 4. HP: 19/19 MP: 1/8
  2618 | D:3      | HP: 2/19 [worker ant (7)]
  2620 | D:3      | Succumbed to a worker ant's poison

Vault maps used:
D:1:      elethiomel_arrival_infinity_welcomes_careful_drivers,
          serial_co_window_serial, co_window_of_opportunity_a,
          co_window_corner_a, co_window_corner_a, co_window_of_opportunity_a,
          co_window_corner_a, co_window_corner_cb, co_window_corner_cb,
          co_window_of_opportunity_b, co_window_broadway_b,
          co_window_unsneaky_path_b, co_window_2corner, co_window_paths_d,
          glass_columns_a, glass_columns_b, glass_columns_c
D:3:      demons_altar, nicolae_overflow_hidden_temple

Skill      XL: |  1  2  3 |
---------------+----------+-----
Stealth        | 1 2 |  2.4
Dodging        | 3 |  3.7
Fighting       | 2 |  2.0
Transmutations | 3 |  3.0
Unarmed Combat | |  3.5
Spellcasting   | |  2.5

Action                   |  1- 3 |  4- 6 || total
-------------------------+-------+-------++-------
Melee: Unarmed           |   104 |    27 ||   131
       Headbutt          |     8 |     5 ||    13
       Bite              |     1 |     2 ||     3
 Cast: Beastly Appendage |    15 |     2 ||    17
       Sticks to Snakes  |     2 |       ||     2
       Spider Form       |     2 |     1 ||     3
  Use: Scroll            |     3 |       ||     3
       Potion            |     2 |       ||     2
 Stab: Sleeping          |     4 |     3 ||     7
  Eat: Chunk             |    10 |     4 ||    14
Armor: Skin              |     8 |     1 ||     9
Dodge: Dodged            |    93 |    16 ||   109

Table legend:
 A = Spawn XP
 B = Non-spawn XP
 C = Spawn XP percentage of total XP
 D = Spawn monster count
 E = Non-spawn monster count
 F = Spawn count percentage of total count
 G = Total turns spent on level
                    A         B        C        D         E        F      G
               +---------+---------+-------+---------+---------+-------+---------
         Total |       0 |     180 |   0.0 |       0 |      47 |   0.0 |  2620
               +---------+---------+-------+---------+---------+-------+---------
           D:1 |       0 |      32 |   0.0 |       0 |      18 |   0.0 |  1246
           D:2 |       0 |     107 |   0.0 |       0 |      28 |   0.0 |  1260
           D:3 |       0 |      41 |   0.0 |       0 |       1 |   0.0 |   114
               +---------+---------+-------+---------+---------+-------+---------

Vault maps used:
D:1:      elethiomel_arrival_infinity_welcomes_careful_drivers,
          serial_co_window_serial, co_window_of_opportunity_a,
          co_window_corner_a, co_window_corner_a, co_window_of_opportunity_a,
          co_window_corner_a, co_window_corner_cb, co_window_corner_cb,
          co_window_of_opportunity_b, co_window_broadway_b,
          co_window_unsneaky_path_b, co_window_2corner, co_window_paths_d,
          glass_columns_a, glass_columns_b, glass_columns_c
D:3:      demons_altar, nicolae_overflow_hidden_temple

Table legend:
 A = Turns spent in this place as a percentage of turns spent in the entire game.
 B = Non-inter-level travel turns spent in this place as a percentage of non-inter-level travel turns spent in the entire game.
 C = Inter-level travel turns spent in this place as a percentage of turns spent in this place.
 D = Turns resting spent in this place as a percentage of non-inter-level travel turns spent in this place.
 E = Turns spent auto-exploring this place as a percentage of non-inter-level travel turns spent in this place.
 F = Non-inter-level travel turns spent in this place divided by the number of levels of this place that you've seen.
                   A       B       C       D       E      F
               +-------+-------+-------+-------+-------+----------------------
         Total | 100.0 | 100.0 |   1.9 |  26.2 |  54.1 | 857.0
       Dungeon | 100.0 | 100.0 |   1.9 |  26.2 |  54.1 | 857.0
               +-------+-------+-------+-------+-------+----------------------

Table legend:
 A = Kills in this place as a percentage of kills in entire the game.
 B = Kills by you in this place as a percentage of kills by you in the entire game.
 C = Kills by friends in this place as a percentage of kills by friends in the entire game.
 D = Other kills in this place as a percentage of other kills in the entire game.
 E = Experience gained in this place as a percentage of experience gained in the entire game.
 F = Experience gained in this place divided by the number of levels of this place that you have seen.
                   A       B       C       D       E      F
               +-------+-------+-------+-------+-------+----------------------
         Total | 100.0 | 100.0 | 100.0 |   N/A | 100.0 |  60.0
       Dungeon | 100.0 | 100.0 | 100.0 |   N/A | 100.0 |  60.0
               +-------+-------+-------+-------+-------+----------------------
